 Dungeon Crawl Stone Soup version 0.27-a0-1181-g5f64966fcc (webtiles) character file.

Game seed: 3109473112066004485

37 tilp the Caller (level 3, -4/29 HPs)
             Began as a Barachi Summoner on May 17, 2021.
             Slain by Jessica
             ... wielding a +5 club
              (9 damage)
             ... on level 2 of the Dungeon.
             The game lasted 00:03:52 (2624 turns).

tilp the Caller (Barachi Summoner)                  Turns: 2624, Time: 00:03:52

Health: -4/29      AC:  4    Str: 10    XL:     3   Next: 39%
Magic:  1/6        EV: 11    Int: 15    God:
Gold:   76         SH:  0    Dex: 12    Spells: 0/6 levels left

rFire    . . .     SeeInvis .   a - +0 spear
rCold    . . .     Faith    .   (no shield)
rNeg     . . .     Spirit   .   f - +0 leather armour
rPois    .         Reflect  .   (no helmet)
rElec    .         Harm     .   d - +0 cloak
rCorr    .         Rampage  .   (no gloves)
Will     .....                  (no boots)
Stlth    ++........             (no amulet)
HPRegen  0.09/turn              (no ring)
MPRegen  0.10/turn              (no ring)

@: slow
A: amphibious, slowness 1, strong legs 1, +LOS
a: Hop


You were on level 2 of the Dungeon.
You visited 1 branch of the dungeon, and saw 2 of its levels.

You collected 76 gold pieces.

Inventory:

Hand Weapons
 a - a +0 spear (weapon)
 b - a +0 dagger
Missiles
 j - 6 javelins
Armour
 d - a +0 cloak (worn)
 f - a +0 leather armour (worn)
 i - a +0 ring mail
Scrolls
 e - a scroll of blinking {unknown}
Potions
 c - a potion of mutation {unknown}
 g - a potion of lignification {unknown}
 h - a potion of magic {unknown}


   Skills:
 + Level 3.6 Fighting
 - Level 2.1 Dodging
 - Level 1.7 Stealth
 - Level 2.1 Spellcasting
 - Level 4.8 Summonings


You couldn't memorise any spells.
You knew the following spells:

 Your Spells              Type           Power      Damage    Failure   Level
a - Summon Small Mammal   Summ           64%        N/A       4%          1
b - Call Imp              Summ           16%        N/A       6%          2
c - Call Canine Familiar  Summ           16%        N/A       12%         3

Your spell library contained the following spells:

 Spells                   Type           Power      Damage    Failure   Level
 Magic Dart               Conj           4%         1d3       30%         1
 Summon Guardian Golem    Hex/Summ       8%         N/A       32%         3
 Blink                    Tloc           N/A        N/A       41%         2
 Slow                     Hex            1%         N/A       41%         2
 Conjure Flame            Conj/Fire      1%         6-21      65%         3
 Mephitic Cloud           Conj/Pois/Air  1%         N/A       65%         3
 Summon Ice Beast         Ice/Summ       8%         N/A       73%         4
 Summon Lightning Spire   Summ/Air       8%         N/A       73%         4


Dungeon Overview and Level Annotations

Branches:
Dungeon (2/15)

Altars:

Annotations:
D:2 Jessica


Innate Abilities, Weirdness & Mutations

You are amphibious.
You cover ground slowly.
You can hop short distances.
You have an extended range of vision and can be seen from far away.


Message History

Your crimson imp dies!
Reach: a) +0 spear
Press: ? - help, Dir - move target, f/p - Jessica
Aim: Jessica, wielding a +5 club and wearing a +0 robe (severely wounded, fast, ally target, about 40% to evade your +0 spear)
You reach to attack!
You hit Jessica but do no damage.
Jessica is severely wounded.
Jessica casts a spell.
Jessica blinks!
You start resting.
Jessica is nearby!
Casting: Call Imp (safe; 6% risk of failure)
Confirm with . or Enter, or press ? or * to list all spells.
A beastly little devil appears in a puff of flame.
Your crimson imp says, "You called?"
Jessica hits your shadow imp with a +5 club!
Your shadow imp dies!
Unknown command.
Casting: Call Imp (safe; 6% risk of failure)
Confirm with . or Enter, or press ? or * to list all spells.
You don't have enough magic to cast this spell.
Unknown command.
Casting: Call Imp (safe; 6% risk of failure)
Confirm with . or Enter, or press ? or * to list all spells.
Jessica barely misses you.
Your crimson imp hits Jessica but does no damage.
Unknown command.
You catch the helpless Jessica completely off-guard!
You hit Jessica but do no damage.
Jessica is severely wounded.
Your bat completely misses Jessica.
Your bat closely misses Jessica.
Jessica points at you and mumbles some strange words.
Pain shoots through your body!
* * * LOW HITPOINT WARNING * * *
Your crimson imp blinks!
You completely miss Jessica.
Jessica is severely wounded.
Your bat hits Jessica but does no damage.
Jessica closely misses you.
Your bat barely misses Jessica.
Jessica hits you with a +5 club!
You die...

##.##.......#.......#.......#####
##.########.#.#####.#.#####.# #
##.# #...#.#.#...#.#.#...#.# #
...# #.#...#.#.#...#.#.#...# #
#..# #.#####.#.#####.#.####### #
#..# #.......#.......#.......# #
#..# #######################.# #
...##.##.........# #..##.# #
.......... #b@# #.....# #
...#...#.# #.@########..#### #
.........# #.........<..# #
..##...### #.#########.## #
<...........###5#########.#######
..###.............(..............
.## ######.##.#####.####.#####.#
.# #. #........# #.# ## #.
#.#.###### #.#


You could see Jessica (fast, ally target), a friendly crimson imp (summoned) and
a friendly bat (summoned).

Vanquished Creatures
  4 bats (D:1)
  3 endoplasms
  A giant cockroach (D:2)
  4 goblins (D:1)
  A hobgoblin (D:1)
  A jackal (D:1)
  A quokka (D:1)
  2 ball pythons
  A frilled lizard (D:1)
  2 kobolds (D:1)
  2 rats (D:1)
22 creatures vanquished.

Vanquished Creatures (collateral kills)
  2 ball pythons (D:1)
  2 bats (D:1)
  3 endoplasms (D:1)
  A giant cockroach (D:1)
  2 hobgoblins (D:1)
  3 jackals (D:1)
  2 goblins (D:1)
15 creatures vanquished.

Grand Total: 37 creatures vanquished

Notes
Turn   | Place    | Note
-------+----------+-------------------------------------------
     0 | D:1      | tilp the Barachi Summoner began the quest for the Orb.
     0 | D:1      | Reached XP level 1. HP: 13/13 MP: 3/3
   177 | D:1      | Reached skill level 1 in Fighting
   598 | D:1      | Reached XP level 2. HP: 13/22 MP: 1/5
   740 | D:1      | Learned a level 2 spell: Call Imp
  1569 | D:1      | Reached XP level 3. HP: 21/29 MP: 6/6
  1574 | D:1      | Learned a level 3 spell: Call Canine Familiar
  2589 | D:2      | Noticed Jessica
  2624 | D:2      | Slain by Jessica

Illustrated notes

Levels and vault maps discovered:
D:1:      lightli_arrival_noodles, layout_loops_ring, moated_statue,
          skrybe_limestone_x
D:2:      layout_loops_ring, hangedman_decor_points, patterned_corridor,
          uniq_jessica

Skill      XL: |  1  2 |
---------------+-------+-----
Fighting       | 1 3 |  3.6
Dodging        | |  2.1
Stealth        | |  1.7
Spellcasting   | |  2.1
Summonings     | |  4.8

Action                   || total
-------------------------++-------
Melee: Dagger            ||   152
       Unarmed           ||     8
       Spear             ||    23
Throw: Javelin           ||     1
 Cast: Summon Small Mamm ||    21
       Call Imp          ||     5
  Use: Scroll            ||     1
 Stab: Sleeping          ||     3
       Distracted        ||     1
Armor: Robe              ||    35
       Leather armour    ||    44
Dodge: Dodged            ||   155

Table legend: (Time is in decaauts)
 A = Elapsed time spent in this place.
 B = Non-inter-level travel time spent in this place.
 C = Inter-level travel time spent in this place.
 D = Time resting spent in this place.
 E = Time spent auto-exploring this place.
 F = Levels seen in this place.
 G = Mean time per level.
                   A        B        C        D        E       F      G
               +--------+--------+--------+--------+--------+-----+--------+
         Total |   2835 |   2810 |     25 |    535 |   1764 |   2 | 1417.5 |
       Dungeon |   2835 |   2810 |     25 |    535 |   1764 |   2 | 1417.5 |
               +--------+--------+--------+--------+--------+-----+--------+

Top non-repeatable levels by time:
     D:1: 2235 daAuts
     D:2: 600 daAuts
